Lightning vs Rangers

Created - 14 février 2025 at 20:59

Goals
1 2 3 OT1 T
Lightning 2 0 1 1 4
Rangers 2 1 0 0 3
Shots
1 2 3 OT1 T
Lightning 8 6 15 2 31
Rangers 3 11 6 0 20

GoalsPenalties
1st period
1. Rangers , Ilya Mikheyev 8 (Alexey Toropchenko 14, Mario Ferraro 21) at 4:45
2. Rangers , Juuso Parssinen 4 (Jaccob Slavin 29, Ilya Mikheyev 7) at 5:52
3. Lightning , Ben Chiarot 2 (Jeff Skinner 18, Alex Killorn 20) at 8:46
4. Lightning , Alex Killorn 14 (Kaiden Guhle 21, Brock Nelson 17) at 16:58
Kaiden Guhle (TBL) for Holding (Minor) at 18:25
2nd period
5. Rangers , Ilya Mikheyev 9 (Alexey Toropchenko 15, Jaccob Slavin 30) at 12:33
Kaiden Guhle (TBL) for Tripping (Minor) at 14:17
Ben Chiarot (TBL) for Roughing (Minor) at 18:45
3rd period
6. Lightning , Mike Matheson 8 (Brandon Montour 32, Brock Nelson 18) at 16:19 (PP)
Brayden Pachal (NYR) for Roughing (Minor) at 0:55
Justin Danforth (NYR) for Roughing (Minor) at 14:29
Overtime #1
7. Lightning , Jeff Skinner 16 (Brandon Montour 33, Tyler Toffoli 13) at 1:12
No Penalty
Goalie Stats
Jacob Markstrom (TBL), 17 saves from 20 shots - (0,850), W, 21-19-5, 61:13 minutes
Alex Nedeljkovic (NYR), 27 saves from 31 shots - (0,871), OTL, 12-20-5, 61:13 minutes
3 StarsOfficial
1 - Ilya Mikheyev (NYR)
2 - Alex Killorn (TBL)
3 - Jeff Skinner (TBL)
Referees : Jake Brenk and Brandon Schrader
Linesman : Greg Devorski and Steven Berry
Game Note
Kent Johnson is injured at 4:00 of 1st period (Sprained Right Ankle)
Finance
Level 1 -- Attendance: 6464 (99,45%) -- Ticket Income $743,360
Level 2 -- Attendance: 3885 (77,70%) -- Ticket Income $369,075
Level 3 -- Attendance: 2910 (83,14%) -- Ticket Income $203,700
Level 4 -- Attendance: 2006 (100,00%) -- Ticket Income $100,300
Luxury Box -- Attendance: 1000 (100,00%) -- Ticket Income $200,000
Game was played at the Madison Square Garden.
Total Attendance: 16265 (90,33%)
Total Ticket Income: $1,616,435
Other Income: $404,109
Total Income: $2,020,544



Team Name Goals Shots Shots Attemp Shots Blocked PIM HIT PP PK FO%
Lightning 4316386191 / 2 (50%)060%
Rangers 3204394200 / 3 (0%)140%

Lightning
Player Name POS G A P +/- PIM HIT SHT SB MP PP MP PP SHT PK MP PK SHT FO% FOT
Alex KillornLW1120034018:340:0000:140100% 1
Andrew PeekeD0000002113:550:0000:1800% 0
Barclay GoodrowC000000000:000:0000:0000% 0
Ben ChiarotD1010211115:530:0002:1700% 0
Brandon MontourD022-1031026:312:0614:0500% 0
Brock NelsonC0220002020:501:4100:00064% 22
Dawson MercerC000-1002116:582:0810:00057% 21
Jeff SkinnerLW1121014021:442:0810:000100% 3
John KlingbergD0001000118:241:4300:0000% 0
Kaiden GuhleD0111431019:501:4311:2800% 0
Kevin ShattenkirkD000000000:000:0000:0000% 0
Mike MathesonD101-2013226:372:0633:4600% 0
Noel AcciariC000-1025016:540:0002:0400% 0
Pierre EngvallLW000000000:000:0000:0000% 0
Ryan StromeC000-1001016:280:0001:3800% 0
Sam BennettC0000022023:331:4103:59144% 16
Scott LaughtonC0000021218:202:0800:000100% 1
Tyler ToffoliC0111012023:081:4103:59067% 9
Rangers
Player Name POS G A P +/- PIM HIT SHT SB MP PP MP PP SHT PK MP PK SHT FO% FOT
Alexey ToropchenkoRW0222000015:522:0100:0000% 0
Anthony BeauvillierLW000-2012124:524:0311:02027% 11
Brayden PachalD000-1210116:140:0000:3400% 0
Casey MittelstadtC000-1003017:403:5600:00038% 21
Connor BrownRW000000009:030:0000:0000% 0
Eric RobinsonLW0000002016:160:0001:4100% 0
Ilya MikheyevRW2132004013:510:0000:0000% 1
Jaccob SlavinD0221022122:313:5620:2300% 0
Jakub LaukoC0000010111:110:0002:08033% 9
Justin DanforthRW0000220017:421:5401:06050% 8
Juuso ParssinenC1012012016:110:0001:41048% 21
Kent JohnsonC000000001:280:0000:00050% 2
Kevin FialaLW000-1022017:403:5620:0000% 0
Mario FerraroD0111041322:072:0102:4600% 0
Mason LohreiD000-1001117:370:0001:5600% 0
Matt CoronatoRW000-1001016:502:0100:0000% 0
Nick LeddyD0001040119:432:0100:2900% 0
Travis SanheimD0000020023:003:5601:3000% 0



Play-by-Play

1st period


0:01 of 1st period - Alex Killorn wins face-off versus Casey Mittelstadt in neutral zone.
0:03 of 1st period - Off-side.
0:04 of 1st period - Kent Johnson wins face-off versus Sam Bennett in neutral zone.
0:37 of 1st period - Shot by Matt Coronato.
0:37 of 1st period - Shot Misses the Net.
1:09 of 1st period - Shot by Alexey Toropchenko.
1:09 of 1st period - Shot Misses the Net.
1:11 of 1st period - Shot by Brayden Pachal.
1:11 of 1st period - Shot Misses the Net.
1:14 of 1st period - Ilya Mikheyev is hit by Kaiden Guhle.
1:19 of 1st period - Alexey Toropchenko is hit by Kaiden Guhle and loses puck.
1:48 of 1st period - Shot by Kevin Fiala.
1:48 of 1st period - Shot Blocked by Scott Laughton.
2:42 of 1st period - Connor Brown is hit by Alex Killorn and loses puck.
3:23 of 1st period - Icing by Mike Matheson.
3:24 of 1st period - Brock Nelson wins face-off versus Kent Johnson in Lightning zone.
3:29 of 1st period - Kent Johnson is hit by Jeff Skinner and loses puck.
3:59 of 1st period - Kent Johnson is hit by Brandon Montour and loses puck.
4:00 of 1st period - Kent Johnson from Rangers is injured at 4:00 of 1st period (Sprained Right Ankle).
4:01 of 1st period - Dawson Mercer wins face-off versus Casey Mittelstadt in Lightning zone.
4:15 of 1st period - Noel Acciari is hit by Jaccob Slavin and loses puck.
4:26 of 1st period - Shot by Noel Acciari.
4:26 of 1st period - Shot Misses the Net.
4:28 of 1st period - Shot by Dawson Mercer.
4:28 of 1st period - Deflect By Noel Acciari.
4:28 of 1st period - Shot Blocked by Jaccob Slavin.
4:30 of 1st period - Shot by Andrew Peeke.
4:30 of 1st period - Stopped by Alex Nedeljkovic without a rebound.
4:31 of 1st period - Juuso Parssinen wins face-off versus Dawson Mercer in Rangers zone.
4:31 of 1st period - Juuso Parssinen is hit by Noel Acciari.
4:45 of 1st period - Shot by Ilya Mikheyev.
4:45 of 1st period - Goal by Ilya Mikheyev - Lightning : 0 - Rangers : 1.
4:46 of 1st period - Justin Danforth wins face-off versus Brock Nelson in neutral zone.
5:19 of 1st period - Shot by Connor Brown.
5:19 of 1st period - Shot Misses the Net.
5:50 of 1st period - Shot by Ilya Mikheyev.
5:50 of 1st period - Shot Blocked by Mike Matheson.
5:52 of 1st period - Shot by Jaccob Slavin.
5:52 of 1st period - Deflect By Juuso Parssinen.
5:52 of 1st period - Goal by Juuso Parssinen - Lightning : 0 - Rangers : 2.
5:53 of 1st period - Casey Mittelstadt wins face-off versus Dawson Mercer in neutral zone.
6:05 of 1st period - Icing by Mario Ferraro.
6:06 of 1st period - Sam Bennett wins face-off versus Casey Mittelstadt in Rangers zone.
6:14 of 1st period - Scott Laughton is hit by Mario Ferraro and loses puck.
6:17 of 1st period - Shot by Scott Laughton.
6:17 of 1st period - Stopped by Alex Nedeljkovic without a rebound.
6:18 of 1st period - Dawson Mercer wins face-off versus Anthony Beauvillier in Rangers zone.
6:22 of 1st period - Ryan Strome is hit by Nick Leddy and loses puck.
6:58 of 1st period - Icing by John Klingberg.
6:59 of 1st period - Dawson Mercer wins face-off versus Juuso Parssinen in Lightning zone.
8:14 of 1st period - Shot by Brock Nelson.
8:14 of 1st period - Shot Misses the Net.
8:24 of 1st period - Shot by Alex Killorn.
8:24 of 1st period - Stopped by Alex Nedeljkovic without a rebound.
8:25 of 1st period - Brock Nelson wins face-off versus Casey Mittelstadt in Rangers zone.
8:38 of 1st period - Jaccob Slavin is hit by Alex Killorn.
8:44 of 1st period - Shot by Jeff Skinner.
8:44 of 1st period - Shot Blocked by Nick Leddy.
8:46 of 1st period - Shot by Ben Chiarot.
8:46 of 1st period - Goal by Ben Chiarot - Lightning : 1 - Rangers : 2.
8:47 of 1st period - Dawson Mercer wins face-off versus Anthony Beauvillier in neutral zone.
9:20 of 1st period - Shot by Eric Robinson.
9:20 of 1st period - Stopped by Jacob Markstrom without a rebound.
9:21 of 1st period - Jeff Skinner wins face-off versus Juuso Parssinen in Lightning zone.
9:23 of 1st period - Icing by Brandon Montour.
9:24 of 1st period - Juuso Parssinen wins face-off versus Sam Bennett in Lightning zone.
9:24 of 1st period - Juuso Parssinen is hit by Brandon Montour.
9:35 of 1st period - Brandon Montour is hit by Nick Leddy and loses puck.
10:45 of 1st period - Shot by Kevin Fiala.
10:45 of 1st period - Deflect By Anthony Beauvillier.
10:45 of 1st period - Shot Blocked by Ben Chiarot.
11:26 of 1st period - Icing by Brayden Pachal.
11:27 of 1st period - Casey Mittelstadt wins face-off versus Tyler Toffoli in Rangers zone.
11:35 of 1st period - Mike Matheson is hit by Brayden Pachal and loses puck.
12:59 of 1st period - Shot by Ryan Strome.
12:59 of 1st period - Shot Misses the Net.
13:01 of 1st period - Shot by Andrew Peeke.
13:01 of 1st period - Stopped by Alex Nedeljkovic without a rebound.
13:02 of 1st period - Brock Nelson wins face-off versus Juuso Parssinen in Rangers zone.
13:03 of 1st period - Shot by Alex Killorn.
13:03 of 1st period - Stopped by Alex Nedeljkovic without a rebound.
13:04 of 1st period - Jeff Skinner wins face-off versus Juuso Parssinen in Rangers zone.
13:05 of 1st period - Shot by Brock Nelson.
13:05 of 1st period - Shot Hit the Post.
13:43 of 1st period - John Klingberg is hit by Nick Leddy and loses puck.
15:00 of 1st period - Kevin Fiala is hit by Noel Acciari and loses puck.
15:34 of 1st period - Shot by Scott Laughton.
15:34 of 1st period - Shot Misses the Net.
16:58 of 1st period - Shot by Alex Killorn.
16:58 of 1st period - Goal by Alex Killorn - Lightning : 2 - Rangers : 2.
16:59 of 1st period - Casey Mittelstadt wins face-off versus Sam Bennett in neutral zone.
17:08 of 1st period - Shot by Sam Bennett.
17:08 of 1st period - Shot Misses the Net.
17:22 of 1st period - Shot by Tyler Toffoli.
17:22 of 1st period - Stopped by Alex Nedeljkovic without a rebound.
17:23 of 1st period - Jeff Skinner wins face-off versus Juuso Parssinen in Rangers zone.
17:43 of 1st period - Icing by Mike Matheson.
17:44 of 1st period - Brock Nelson wins face-off versus Jakub Lauko in Lightning zone.
17:44 of 1st period - Brock Nelson is hit by Justin Danforth.
17:47 of 1st period - Icing by Mike Matheson.
17:48 of 1st period - Jakub Lauko wins face-off versus Brock Nelson in Lightning zone.
18:06 of 1st period - Icing by Connor Brown.
18:07 of 1st period - Sam Bennett wins face-off versus Jakub Lauko in Rangers zone.
18:16 of 1st period - Shot by Sam Bennett.
18:16 of 1st period - Shot Misses the Net.
18:25 of 1st period - Minor Penalty to Kaiden Guhle for Holding.
18:26 of 1st period - Tyler Toffoli wins face-off versus Casey Mittelstadt in Lightning zone.
Goals for this period are 2 for Lightning vs 2 for Rangers.
Shots for this period are 8 for Lightning vs 3 for Rangers.

2nd period


0:01 of 2nd period - Casey Mittelstadt wins face-off versus Sam Bennett in neutral zone.
0:14 of 2nd period - Shot by Anthony Beauvillier.
0:14 of 2nd period - Shot Hit the Post.
0:41 of 2nd period - Off-side.
0:42 of 2nd period - Juuso Parssinen wins face-off versus Dawson Mercer in neutral zone.
0:44 of 2nd period - Off-side.
0:45 of 2nd period - Brock Nelson wins face-off versus Casey Mittelstadt in neutral zone.
0:45 of 2nd period - Brandon Montour is hit by Kevin Fiala and loses puck.
1:12 of 2nd period - Shot by Alex Killorn.
1:12 of 2nd period - Stopped by Alex Nedeljkovic with a rebound.
1:14 of 2nd period - Shot by Brandon Montour.
1:14 of 2nd period - Shot Hit the Post.
1:16 of 2nd period - Shot by Alex Killorn.
1:16 of 2nd period - Shot Misses the Net.
1:18 of 2nd period - Shot by Jeff Skinner.
1:18 of 2nd period - Stopped by Alex Nedeljkovic without a rebound.
1:19 of 2nd period - Justin Danforth wins face-off versus Sam Bennett in Rangers zone.
2:02 of 2nd period - Jaccob Slavin is hit by Sam Bennett and loses puck.
3:37 of 2nd period - Shot by Ilya Mikheyev.
3:37 of 2nd period - Stopped by Jacob Markstrom without a rebound.
3:38 of 2nd period - Jakub Lauko wins face-off versus Tyler Toffoli in Lightning zone.
3:38 of 2nd period - Jakub Lauko is hit by Kaiden Guhle.
3:46 of 2nd period - Mason Lohrei is hit by Scott Laughton and loses puck.
4:37 of 2nd period - Shot by Jeff Skinner.
4:37 of 2nd period - Deflect By Brock Nelson.
4:37 of 2nd period - Stopped by Alex Nedeljkovic without a rebound.
4:38 of 2nd period - Brock Nelson wins face-off versus Juuso Parssinen in Rangers zone.
4:38 of 2nd period - Mike Matheson is hit by Jaccob Slavin and loses puck.
4:44 of 2nd period - Icing by Jaccob Slavin.
4:45 of 2nd period - Juuso Parssinen wins face-off versus Brock Nelson in Rangers zone.
5:42 of 2nd period - Shot by Anthony Beauvillier.
5:42 of 2nd period - Stopped by Jacob Markstrom without a rebound.
5:43 of 2nd period - Anthony Beauvillier wins face-off versus Sam Bennett in Lightning zone.
6:20 of 2nd period - Shot by Matt Coronato.
6:20 of 2nd period - Shot Misses the Net.
6:46 of 2nd period - Icing by Scott Laughton.
6:47 of 2nd period - Scott Laughton wins face-off versus Juuso Parssinen in Lightning zone.
6:47 of 2nd period - Sam Bennett is hit by Juuso Parssinen and loses puck.
7:11 of 2nd period - Icing by Brandon Montour.
7:12 of 2nd period - Dawson Mercer wins face-off versus Jakub Lauko in Lightning zone.
7:12 of 2nd period - Dawson Mercer is hit by Jakub Lauko.
7:49 of 2nd period - Shot by Jakub Lauko.
7:49 of 2nd period - Shot Blocked by Dawson Mercer.
8:30 of 2nd period - Shot by Casey Mittelstadt.
8:30 of 2nd period - Stopped by Jacob Markstrom without a rebound.
8:31 of 2nd period - Sam Bennett wins face-off versus Anthony Beauvillier in Lightning zone.
8:38 of 2nd period - Shot by Scott Laughton.
8:38 of 2nd period - Shot Misses the Net.
8:45 of 2nd period - Travis Sanheim is hit by Sam Bennett and loses puck.
9:40 of 2nd period - Icing by Jaccob Slavin.
9:41 of 2nd period - Juuso Parssinen wins face-off versus Brock Nelson in Rangers zone.
11:34 of 2nd period - Off-side.
11:35 of 2nd period - Sam Bennett wins face-off versus Anthony Beauvillier in neutral zone.
12:09 of 2nd period - Shot by Sam Bennett.
12:09 of 2nd period - Stopped by Alex Nedeljkovic without a rebound.
12:10 of 2nd period - Brock Nelson wins face-off versus Juuso Parssinen in Rangers zone.
12:23 of 2nd period - Shot by Nick Leddy.
12:23 of 2nd period - Shot Misses the Net.
12:33 of 2nd period - Shot by Alexey Toropchenko.
12:33 of 2nd period - Deflect By Ilya Mikheyev.
12:33 of 2nd period - Goal by Ilya Mikheyev - Lightning : 2 - Rangers : 3.
12:34 of 2nd period - Justin Danforth wins face-off versus Dawson Mercer in neutral zone.
12:37 of 2nd period - Shot by Connor Brown.
12:37 of 2nd period - Shot Hit the Post.
12:53 of 2nd period - Shot by Jakub Lauko.
12:53 of 2nd period - Shot Misses the Net.
13:07 of 2nd period - Shot by Mason Lohrei.
13:07 of 2nd period - Stopped by Jacob Markstrom without a rebound.
13:08 of 2nd period - Casey Mittelstadt wins face-off versus Brock Nelson in Lightning zone.
13:18 of 2nd period - Icing by Brock Nelson.
13:19 of 2nd period - Brock Nelson wins face-off versus Anthony Beauvillier in Lightning zone.
13:52 of 2nd period - Shot by Jeff Skinner.
13:52 of 2nd period - Stopped by Alex Nedeljkovic without a rebound.
13:53 of 2nd period - Juuso Parssinen wins face-off versus Sam Bennett in Rangers zone.
13:53 of 2nd period - Juuso Parssinen is hit by Tyler Toffoli.
14:17 of 2nd period - Minor Penalty to Kaiden Guhle for Tripping.
14:18 of 2nd period - Tyler Toffoli wins face-off versus Casey Mittelstadt in Lightning zone.
14:40 of 2nd period - Shot by Kevin Fiala.
14:40 of 2nd period - Stopped by Jacob Markstrom with a rebound.
14:42 of 2nd period - Shot by Casey Mittelstadt.
14:42 of 2nd period - Deflect By Kevin Fiala.
14:42 of 2nd period - Stopped by Jacob Markstrom without a rebound.
14:43 of 2nd period - Tyler Toffoli wins face-off versus Anthony Beauvillier in Lightning zone.
15:40 of 2nd period - Shot by Jaccob Slavin.
15:40 of 2nd period - Stopped by Jacob Markstrom without a rebound.
15:41 of 2nd period - Tyler Toffoli wins face-off versus Casey Mittelstadt in Lightning zone.
15:41 of 2nd period - Tyler Toffoli is hit by Kevin Fiala.
16:07 of 2nd period - Shot by Sam Bennett.
16:07 of 2nd period - Stopped by Alex Nedeljkovic without a rebound.
16:08 of 2nd period - Justin Danforth wins face-off versus Tyler Toffoli in Rangers zone.
16:33 of 2nd period - Shot by Juuso Parssinen.
16:33 of 2nd period - Stopped by Jacob Markstrom without a rebound.
16:34 of 2nd period - Casey Mittelstadt wins face-off versus Dawson Mercer in Lightning zone.
16:51 of 2nd period - Shot by Kaiden Guhle.
16:51 of 2nd period - Shot Misses the Net.
16:53 of 2nd period - Shot by Dawson Mercer.
16:53 of 2nd period - Deflect By Ryan Strome.
16:53 of 2nd period - Shot Blocked by Mario Ferraro.
17:14 of 2nd period - Shot by Dawson Mercer.
17:14 of 2nd period - Shot Blocked by Mario Ferraro.
17:16 of 2nd period - Shot by John Klingberg.
17:16 of 2nd period - Shot Misses the Net.
18:15 of 2nd period - Shot by Matt Coronato.
18:15 of 2nd period - Stopped by Jacob Markstrom without a rebound.
18:16 of 2nd period - Sam Bennett wins face-off versus Ilya Mikheyev in Lightning zone.
18:45 of 2nd period - Minor Penalty to Ben Chiarot for Roughing.
18:46 of 2nd period - Tyler Toffoli wins face-off versus Casey Mittelstadt in Lightning zone.
19:15 of 2nd period - Shot by Jaccob Slavin.
19:15 of 2nd period - Stopped by Jacob Markstrom without a rebound.
19:16 of 2nd period - Tyler Toffoli wins face-off versus Justin Danforth in Lightning zone.
19:46 of 2nd period - Justin Danforth is hit by Brandon Montour and loses puck.
19:57 of 2nd period - Shot by Justin Danforth.
19:57 of 2nd period - Shot Blocked by Mike Matheson.
Goals for this period are 0 for Lightning vs 1 for Rangers.
Shots for this period are 6 for Lightning vs 11 for Rangers.

3rd period


0:01 of 3rd period - Sam Bennett wins face-off versus Casey Mittelstadt in neutral zone.
0:14 of 3rd period - Shot by Anthony Beauvillier.
0:14 of 3rd period - Stopped by Jacob Markstrom with a rebound.
0:55 of 3rd period - Minor Penalty to Brayden Pachal for Roughing.
0:56 of 3rd period - Jakub Lauko wins face-off versus Dawson Mercer in Rangers zone.
1:07 of 3rd period - Juuso Parssinen is hit by Scott Laughton and loses puck.
1:22 of 3rd period - Shot by Mike Matheson.
1:22 of 3rd period - Stopped by Alex Nedeljkovic without a rebound.
1:23 of 3rd period - Juuso Parssinen wins face-off versus Brock Nelson in Rangers zone.
2:38 of 3rd period - Icing by Mike Matheson.
2:39 of 3rd period - Dawson Mercer wins face-off versus Justin Danforth in Lightning zone.
2:50 of 3rd period - Shot by Mike Matheson.
2:50 of 3rd period - Stopped by Alex Nedeljkovic with a rebound.
2:52 of 3rd period - Shot by Dawson Mercer.
2:52 of 3rd period - Shot Misses the Net.
2:54 of 3rd period - Shot by Brandon Montour.
2:54 of 3rd period - Shot Blocked by Mason Lohrei.
2:56 of 3rd period - Shot by Dawson Mercer.
2:56 of 3rd period - Shot Misses the Net.
3:00 of 3rd period - Shot by Ryan Strome.
3:00 of 3rd period - Stopped by Alex Nedeljkovic with a rebound.
3:02 of 3rd period - Shot by Noel Acciari.
3:02 of 3rd period - Stopped by Alex Nedeljkovic without a rebound.
3:03 of 3rd period - Brock Nelson wins face-off versus Casey Mittelstadt in Rangers zone.
3:03 of 3rd period - Jeff Skinner is hit by Nick Leddy and loses puck.
3:11 of 3rd period - Kevin Fiala is hit by Ben Chiarot and loses puck.
3:22 of 3rd period - Shot by Kevin Fiala.
3:22 of 3rd period - Shot Misses the Net.
3:24 of 3rd period - Shot by Casey Mittelstadt.
3:24 of 3rd period - Stopped by Jacob Markstrom without a rebound.
3:25 of 3rd period - Anthony Beauvillier wins face-off versus Sam Bennett in Lightning zone.
3:36 of 3rd period - Shot by Eric Robinson.
3:36 of 3rd period - Stopped by Jacob Markstrom without a rebound.
3:37 of 3rd period - Juuso Parssinen wins face-off versus Dawson Mercer in Lightning zone.
4:21 of 3rd period - Shot by Ryan Strome.
4:21 of 3rd period - Shot Misses the Net.
4:39 of 3rd period - Juuso Parssinen is hit by Alex Killorn and loses puck.
5:05 of 3rd period - Alex Killorn is hit by Mario Ferraro and loses puck.
5:09 of 3rd period - Brock Nelson is hit by Travis Sanheim and loses puck.
5:24 of 3rd period - Shot by Casey Mittelstadt.
5:24 of 3rd period - Shot Misses the Net.
5:26 of 3rd period - Shot by Mario Ferraro.
5:26 of 3rd period - Stopped by Jacob Markstrom with a rebound.
6:24 of 3rd period - Shot by Matt Coronato.
6:24 of 3rd period - Shot Blocked by Scott Laughton.
6:26 of 3rd period - Shot by Eric Robinson.
6:26 of 3rd period - Shot Blocked by Andrew Peeke.
6:28 of 3rd period - Shot by Eric Robinson.
6:28 of 3rd period - Shot Misses the Net.
6:30 of 3rd period - Shot by Matt Coronato.
6:30 of 3rd period - Shot Misses the Net.
6:32 of 3rd period - Shot by Mason Lohrei.
6:32 of 3rd period - Shot Misses the Net.
6:39 of 3rd period - Icing by Ben Chiarot.
6:40 of 3rd period - Sam Bennett wins face-off versus Justin Danforth in Lightning zone.
8:21 of 3rd period - Icing by Kaiden Guhle.
8:22 of 3rd period - Juuso Parssinen wins face-off versus Dawson Mercer in Lightning zone.
8:38 of 3rd period - Shot by Noel Acciari.
8:38 of 3rd period - Stopped by Alex Nedeljkovic without a rebound.
8:39 of 3rd period - Dawson Mercer wins face-off versus Juuso Parssinen in Rangers zone.
8:40 of 3rd period - Shot by Noel Acciari.
8:40 of 3rd period - Stopped by Alex Nedeljkovic without a rebound.
8:41 of 3rd period - Dawson Mercer wins face-off versus Anthony Beauvillier in Rangers zone.
8:55 of 3rd period - Dawson Mercer is hit by Anthony Beauvillier and loses puck.
9:10 of 3rd period - Shot by Matt Coronato.
9:10 of 3rd period - Shot Misses the Net.
9:12 of 3rd period - Shot by Nick Leddy.
9:12 of 3rd period - Shot Blocked by John Klingberg.
9:55 of 3rd period - Icing by Mario Ferraro.
9:56 of 3rd period - Juuso Parssinen wins face-off versus Brock Nelson in Rangers zone.
11:37 of 3rd period - Icing by Brayden Pachal.
11:38 of 3rd period - Anthony Beauvillier wins face-off versus Dawson Mercer in Rangers zone.
11:56 of 3rd period - Shot by Dawson Mercer.
11:56 of 3rd period - Stopped by Alex Nedeljkovic with a rebound.
11:58 of 3rd period - Shot by Dawson Mercer.
11:58 of 3rd period - Deflect By Noel Acciari.
11:58 of 3rd period - Stopped by Alex Nedeljkovic without a rebound.
11:59 of 3rd period - Brock Nelson wins face-off versus Jakub Lauko in Rangers zone.
12:10 of 3rd period - Shot by Brock Nelson.
12:10 of 3rd period - Stopped by Alex Nedeljkovic without a rebound.
12:11 of 3rd period - Brock Nelson wins face-off versus Jakub Lauko in Rangers zone.
12:36 of 3rd period - Alex Killorn is hit by Justin Danforth and loses puck.
12:47 of 3rd period - Shot by Brock Nelson.
12:47 of 3rd period - Deflect By Jeff Skinner.
12:47 of 3rd period - Shot Misses the Net.
13:39 of 3rd period - Shot by Ilya Mikheyev.
13:39 of 3rd period - Stopped by Jacob Markstrom without a rebound.
13:40 of 3rd period - Dawson Mercer wins face-off versus Casey Mittelstadt in Lightning zone.
14:29 of 3rd period - Minor Penalty to Justin Danforth for Roughing.
14:30 of 3rd period - Brock Nelson wins face-off versus Juuso Parssinen in Rangers zone.
14:33 of 3rd period - Shot by Tyler Toffoli.
14:33 of 3rd period - Shot Misses the Net.
15:25 of 3rd period - Shot by John Klingberg.
15:25 of 3rd period - Shot Blocked by Brayden Pachal.
15:31 of 3rd period - Shot by Dawson Mercer.
15:31 of 3rd period - Stopped by Alex Nedeljkovic without a rebound.
15:32 of 3rd period - Dawson Mercer wins face-off versus Jakub Lauko in Rangers zone.
15:45 of 3rd period - Shot by Kaiden Guhle.
15:45 of 3rd period - Stopped by Alex Nedeljkovic without a rebound.
15:46 of 3rd period - Dawson Mercer wins face-off versus Anthony Beauvillier in Rangers zone.
15:57 of 3rd period - Shot by Scott Laughton.
15:57 of 3rd period - Shot Misses the Net.
15:59 of 3rd period - Shot by Scott Laughton.
15:59 of 3rd period - Shot Misses the Net.
16:01 of 3rd period - Shot by Scott Laughton.
16:01 of 3rd period - Shot Misses the Net.
16:03 of 3rd period - Shot by John Klingberg.
16:03 of 3rd period - Shot Blocked by Jakub Lauko.
16:05 of 3rd period - Shot by Kaiden Guhle.
16:05 of 3rd period - Shot Blocked by Mario Ferraro.
16:11 of 3rd period - Shot by Kaiden Guhle.
16:11 of 3rd period - Shot Misses the Net.
16:13 of 3rd period - Shot by Jeff Skinner.
16:13 of 3rd period - Stopped by Alex Nedeljkovic without a rebound.
16:14 of 3rd period - Brock Nelson wins face-off versus Juuso Parssinen in Rangers zone.
16:15 of 3rd period - Shot by Brandon Montour.
16:15 of 3rd period - Stopped by Alex Nedeljkovic with a rebound.
16:17 of 3rd period - Shot by Brandon Montour.
16:17 of 3rd period - Shot Misses the Net.
16:19 of 3rd period - Shot by Mike Matheson.
16:19 of 3rd period - Goal by Mike Matheson - Lightning : 3 - Rangers : 3.
16:20 of 3rd period - Brock Nelson wins face-off versus Justin Danforth in neutral zone.
16:58 of 3rd period - Nick Leddy is hit by Mike Matheson and loses puck.
17:31 of 3rd period - Shot by Tyler Toffoli.
17:31 of 3rd period - Shot Misses the Net.
17:54 of 3rd period - Sam Bennett is hit by Mario Ferraro and loses puck.
18:00 of 3rd period - Scott Laughton is hit by Mario Ferraro and loses puck.
18:25 of 3rd period - Dawson Mercer is hit by Travis Sanheim and loses puck.
18:30 of 3rd period - Shot by Noel Acciari.
18:30 of 3rd period - Stopped by Alex Nedeljkovic without a rebound.
18:31 of 3rd period - Casey Mittelstadt wins face-off versus Brock Nelson in Rangers zone.
18:38 of 3rd period - Shot by Casey Mittelstadt.
18:38 of 3rd period - Stopped by Jacob Markstrom without a rebound.
18:39 of 3rd period - Dawson Mercer wins face-off versus Casey Mittelstadt in Lightning zone.
Goals for this period are 1 for Lightning vs 0 for Rangers.
Shots for this period are 15 for Lightning vs 6 for Rangers.

Overtime #1


0:01 of 1st overtime period - Casey Mittelstadt wins face-off versus Sam Bennett in neutral zone.
1:04 of 1st overtime period - Shot by Tyler Toffoli.
1:04 of 1st overtime period - Stopped by Alex Nedeljkovic with a rebound.
1:08 of 1st overtime period - Shot by Tyler Toffoli.
1:08 of 1st overtime period - Shot Blocked by Anthony Beauvillier.
1:12 of 1st overtime period - Shot by Jeff Skinner.
1:12 of 1st overtime period - Goal by Jeff Skinner - Lightning : 4 - Rangers : 3.
Goals for this period are 1 for Lightning vs 0 for Rangers.
Shots for this period are 2 for Lightning vs 0 for Rangers.